 Dungeon Sprint DCSS version 0.17-a0-1508-ge7f3dc3 (webtiles) character file.

5012 Kidiri the Unseen (level 10, -8/44 HPs)
             Began as a Spriggan Enchanter on July 10, 2015.
             Was a Priest of Dithmenos.
             Mangled by a spriggan rider
             ... wielding a +0 spear
              (19 damage)
             ... in the Dungeon (Sprint IV: "Fedhas' Mad Dash").
             The game lasted 00:09:23 (2377 turns).

Kidiri the Unseen (Spriggan Enchanter)              Turns: 2377, Time: 00:09:23

Health: -8/44      AC:  3    Str: 10    XL:     10   Next: 29%
Magic:  1/27       EV: 28    Int: 19    God:    Dithmenos [***...]
Gold:   205        SH:  0    Dex: 18    Spells: 8 memorised, 3 levels left

rFire  . . .     SeeInvis +     l - +0 dagger (drain)
rCold  . . .     Clarity  .     b - +1 robe
rNeg   . . .     SustAt   .     (shield restricted)
rPois  .         Gourm    .     (helmet restricted)
rElec  .         Spirit   .     (no cloak)
rCorr  .         Warding  .     (gloves unavailable)
rMut   .         NoTele   +     (boots unavailable)
MR     +....                    (no amulet)
Stlth  ++++++++++               n - +6 ring of strength
                                k - ring of invisibility

@: very slightly contaminated, wreathed by umbra, invisible, very quick,
somewhat resistant to hostile enchantments, uncannily stealthy
A: unfitting armour, see invisible, herbivore 3, speed 3, slow metabolism 2
a: Shadow Step, Renounce Religion, Turn Visible


You were in the Dungeon.
You worshipped Dithmenos.
Dithmenos was most pleased with you.
You were not hungry.

You visited 1 branch You collected 205 gold pieces.

Inventory:

Hand weapons
 a - a +1 dagger
 l - a +0 dagger of draining (weapon)
Missiles
 p - 23 stones (quivered)
Armour
 b - a +1 robe (worn)
Jewellery
 k - a ring of invisibility (left hand)
 n - a +6 ring of strength (right hand)
Scrolls
 j - a scroll of blinking
 m - 4 scrolls of remove curse {unknown}
Potions
 e - 2 potions of curing
 f - 2 potions of heal wounds
 g - a potion of haste
 h - 2 potions of magic
 i - a potion of berserk rage
Books
 c - a book of Maledictions

   Spells                             Type                      Level
   a - Corona                         Hexes                        1
   b - Ensorcelled Hibernation        Hexes/Ice                    2
   c - Confuse                        Hexes                        3
   d - Tukima's Dance                 Hexes                        3
   e - Dazzling Spray                 Conjuration/Hexes            3
 o - a book of Enchantments

   Spells                             Type                      Level
   a - Cause Fear                     Hexes                        4
   b - Silence                        Hexes/Air                    5
   c - Deflect Missiles               Charms/Air                   6
   d - Haste                          Charms                       6
   e - Discord                        Hexes                        8
Comestibles
 d - 2 bread rations


   Skills:
 + Level 8.5 Short Blades
 + Level 11.3 Dodging
 * Level 16.4 Stealth
 * Level 12.4 Spellcasting
 + Level 5.1 Conjurations
 + Level 9.9 Hexes
 + Level 3.3 Charms
 + Level 6.1 Ice Magic
 + Level 1.8 Air Magic
 + Level 6.7 Invocations
 + Level 9.3 Evocations


You had 3 spell levels left.
You knew the following spells:

 Your Spells              Type           Power        Failure   Level  Hunger
a - Corona                Hex            #####..      1%          1    None
b - Ensorcelled Hibernat  Hex/Ice        #####.       1%          2    None
c - Confuse               Hex            #####...     1%          3    None
d - Tukima's Dance        Hex            #####...     1%          3    None
e - Dazzling Spray        Conj/Hex       #####...     1%          3    None
f - Cause Fear            Hex            #####.....   1%          4    #......
g - Deflect Missiles      Chrm/Air       ###.......   100%        6    ######.
h - Discord               Hex            #####.....   100%        8    #######


Dungeon Overview and Level Annotations

Branches:
Dungeon (1/1)

Altars:
Cheibriados
Dithmenos
Elyvilon
Gozag
Kikubaaqudgha
Makhleb
Nemelex Xobeh
Okawaru
Qazlal
Ru
Sif Muna
Trog
Vehumet
Xom
Yredelemnul
Zin
The Shining One
Beogh
Jiyva
Lugonu

Shops:
D :((=[


Innate Abilities, Weirdness & Mutations

You are tiny and cannot use many weapons and most armour.
You have supernaturally acute eyesight.
You are a herbivore.
You cover ground extremely quickly.
You need consume almost no food.


Message History

You don't have enough magic to cast that spell.
Drink which item? (? for menu, Esc to quit)
Okay, then.
You closely miss the spriggan rider.
The spriggan rider is moderately wounded.
The spriggan rider completely misses you.
You miss the spriggan rider.
The spriggan rider is moderately wounded.
You hit the spriggan rider.
The spriggan rider is moderately wounded.
The spriggan rider hits you with a spear!
* * * LOW HITPOINT WARNING * * *
Unknown command.
Wield which item (- for none, * to show all)? (? for menu, Esc to quit)
You sense an unholy aura.
l - a +0 dagger of draining (weapon)
You closely miss the spriggan rider.
The spriggan rider is moderately wounded.
The spriggan rider hits you with a spear!!
You die...

####################
..⌠.#..'.[)#....##∩#
_._.'..#...#....'.)# +#
._._#..###'##.[.##∩# $####
_._.#..##∩∩.'...#### ....#
..⌠.#################...∩#
#########......###.....♣
###.'..'.....).'@i)..♣
##..#..#.P.....#######
###)##+##.P....# '...#
######## #####


You could see a spriggan rider.

Vanquished Creatures
  A spriggan druid (D)
  6 oklob plants (D)
  A demonic crawler (D)
  A queen bee (D)
  3 wandering mushrooms (D)
  3 burning bushes (D)
  4 killer bees (D)
  2 scorpions (D)
  A worker ant (D)
  5 oklob saplings (D)
  4 spriggans (D)
  A river rat (D)
  A rat (D)
  A giant spore (D)
34 creatures vanquished.

Notes
Turn   | Place    | Note
--------------------------------------------------------------
     0 | D        | Kidiri the Spriggan Enchanter began the quest for the Orb.
     0 | D        | Reached XP level 1. HP: 9/9 MP: 5/5
    19 | D        | Reached skill level 5 in Stealth
    19 | D        | Reached XP level 2. HP: 2/13 MP: 5/7
    23 | D        | Learned a level 2 spell: Ensorcelled Hibernation
   294 | D        | Noticed an oklob sapling
   295 | D        | Killed an oklob sapling
   295 | D        | Reached skill level 7 in Stealth
   295 | D        | Reached skill level 1 in Ice Magic
   295 | D        | Reached XP level 3. HP: 16/16 MP: 9/9
   297 | D        | Noticed a worker ant
   311 | D        | Killed a worker ant
   311 | D        | Reached skill level 5 in Dodging
   311 | D        | Reached skill level 5 in Hexes
   334 | D        | Learned a level 3 spell: Confuse
   338 | D        | Learned a level 3 spell: Tukima's Dance
   571 | D        | Found a snail-covered altar of Cheibriados.
   571 | D        | Found a glowing silver altar of Zin.
   571 | D        | Found a white marble altar of Elyvilon.
   571 | D        | Found a viscous altar of Jiyva.
   571 | D        | Found a radiant altar of Vehumet.
   571 | D        | Found a deep blue altar of Sif Muna.
   571 | D        | Found an ancient bone altar of Kikubaaqudgha.
   571 | D        | Found a bloodstained altar of Trog.
   571 | D        | Found a corrupted altar of Lugonu.
   571 | D        | Noticed an oklob sapling priest
   572 | D        | Found a burning altar of Makhleb.
   572 | D        | Found a sacrificial altar of Ru.
   573 | D        | Found a glowing golden altar of the Shining One.
   573 | D        | Found a sparkling altar of Nemelex Xobeh.
   574 | D        | Found a shadowy altar of Dithmenos.
   575 | D        | Found an iron altar of Okawaru.
   575 | D        | Found a shimmering altar of Xom.
   576 | D        | Found an opulent altar of Gozag.
   577 | D        | Found a basalt altar of Yredelemnul.
   577 | D        | Found a roughly hewn altar of Beogh.
   578 | D        | Found a stormy altar of Qazlal.
   590 | D        | Killed an oklob sapling priest
   590 | D        | Reached skill level 9 in Stealth
   590 | D        | Reached XP level 4. HP: 21/21 MP: 5/11
   595 | D        | Became a worshipper of Dithmenos the Shadowed
   641 | D        | Learned a level 3 spell: Dazzling Spray
   657 | D        | Noticed an oklob sapling
   660 | D        | Killed an oklob sapling
   660 | D        | Reached skill level 5 in Spellcasting
   660 | D        | Reached XP level 5. HP: 24/24 MP: 9/13
   838 | D        | Noticed an oklob sapling wizard
   841 | D        | Killed an oklob sapling wizard
   841 | D        | Reached skill level 1 in Invocations
   845 | D        | Noticed a scorpion
   848 | D        | Reached skill level 10 in Stealth
   848 | D        | Reached skill level 1 in Conjurations
   849 | D        | Killed a scorpion
   851 | D        | Reached XP level 6. HP: 28/28 MP: 12/16
   866 | D        | Found Atwonur's Antique Weapon Shop.
   866 | D        | Found Laeta's Book Emporium.
   965 | D        | Noticed a burning bush
   965 | D        | Noticed a wandering mushroom
   966 | D        | Noticed a scorpion
   966 | D        | Noticed a wandering mushroom
   969 | D        | Killed a wandering mushroom
   969 | D        | Reached skill level 5 in Short Blades
   969 | D        | Reached skill level 11 in Stealth
   969 | D        | Reached skill level 5 in Evocations
   971 | D        | Killed a burning bush
   971 | D        | Reached skill level 12 in Stealth
   971 | D        | Reached XP level 7. HP: 32/32 MP: 14/19
   972 | D        | Killed a wandering mushroom
   974 | D        | Killed a scorpion
   983 | D        | Found Lomut's Jewellery Emporium.
   983 | D        | Found Maletial's Antique Weapon Shoppe.
  1132 | D        | Noticed a queen bee
  1132 | D        | Noticed a killer bee
  1133 | D        | Noticed a killer bee
  1136 | D        | Noticed a killer bee
  1136 | D        | Noticed a killer bee
  1139 | D        | Killed a queen bee
  1139 | D        | Acquired Dithmenos's first power
  1139 | D        | Reached skill level 13 in Stealth
  1139 | D        | Reached XP level 8. HP: 36/36 MP: 20/22
  1140 | D        | Killed a killer bee
  1141 | D        | Killed a killer bee
  1143 | D        | Killed a killer bee
  1144 | D        | Killed a killer bee
  1150 | D        | Noticed an oklob plant
  1154 | D        | Killed an oklob plant
  1154 | D        | Reached skill level 14 in Stealth
  1154 | D        | Reached skill level 10 in Spellcasting
  1154 | D        | Reached skill level 5 in Invocations
  1288 | D        | Noticed a burning bush
  1291 | D        | Killed a burning bush
  1291 | D        | Acquired Dithmenos's second power
  1291 | D        | Reached skill level 5 in Ice Magic
  1305 | D        | Noticed an oklob sapling
  1305 | D        | Noticed a burning bush
  1305 | D        | Noticed an oklob plant
  1306 | D        | Noticed a wandering mushroom
  1315 | D        | Killed a burning bush
  1315 | D        | Reached XP level 9. HP: 39/39 MP: 13/24
  1413 | D        | Killed an oklob plant
  1413 | D        | Reached skill level 10 in Dodging
  1415 | D        | Killed an oklob sapling
  1417 | D        | Killed a wandering mushroom
  1417 | D        | Reached skill level 15 in Stealth
  1429 | D        | Noticed a spriggan druid
  1430 | D        | Killed a spriggan druid
  1546 | D        | Noticed an oklob plant conjurer
  1547 | D        | Killed an oklob plant conjurer
  1559 | D        | Learned a level 4 spell: Cause Fear
  1566 | D        | Learned a level 6 spell: Deflect Missiles
  1575 | D        | Learned a level 8 spell: Discord
  2251 | D        | Noticed an oklob plant
  2251 | D        | Noticed an oklob plant summoner
  2252 | D        | Noticed an oklob plant shifter
  2255 | D        | Killed an oklob plant
  2255 | D        | Reached skill level 1 in Charms
  2255 | D        | Reached XP level 10. HP: 44/44 MP: 21/27
  2257 | D        | Killed an oklob plant summoner
  2257 | D        | Reached skill level 16 in Stealth
  2257 | D        | Reached skill level 1 in Air Magic
  2259 | D        | Killed an oklob plant shifter
  2259 | D        | Reached skill level 5 in Conjurations
  2271 | D        | Noticed a demonic crawler
  2279 | D        | Killed a demonic crawler
  2281 | D        | Noticed a spriggan rider
  2281 | D        | Noticed a spriggan
  2281 | D        | Noticed a spriggan
  2350 | D        | Found Wuffigru's Armour Emporium.
  2369 | D        | Killed a spriggan
  2369 | D        | HP: 1/44 [spriggan rider/spear (17)]
  2372 | D        | Killed a spriggan
  2377 | D        | Mangled by a spriggan rider

Vault maps used:
D:        dungeon_sprint_fedhas

Action                   |  1- 3 |  4- 6 |  7- 9 | 10-12 || total
-------------------------+-------+-------+-------+-------++-------
Melee: Dagger            |    19 |     7 |    20 |    14 ||    60
Throw: Stone             |       |       |     1 |       ||     1
 Cast: Corona            |     2 |       |       |       ||     2
       Ensorcelled Hiber |     3 |       |     1 |     2 ||     6
       Confuse           |     1 |       |     3 |     3 ||     7
       Dazzling Spray    |       |       |       |     6 ||     6
Invok: Shadow Step       |       |       |     1 |       ||     1
 Abil: Evoke Invisibilit |     1 |     3 |     7 |     1 ||    12
  Use: Potion            |       |       |       |     1 ||     1
 Stab: Sleeping          |     2 |     7 |    15 |     2 ||    26
       Invisible         |     2 |       |       |       ||     2
       Confused          |       |       |     1 |     3 ||     4
  Eat: Royal jelly       |       |       |     3 |       ||     3
